 Dungeon Crawl Stone Soup version 0.22.1-1-ga44c0e5 (webtiles) character file.

37 Irenicus the Chopper (level 3, -1/33 HPs)
             Began as a Deep Dwarf Monk on Oct 5, 2018.
             Slain by an ogre
             ... wielding a +0 giant spiked club
              (9 damage)
             ... on level 2 of the Dungeon.
             The game lasted 00:05:24 (641 turns).

Irenicus the Chopper (Deep Dwarf Monk)               Turns: 641, Time: 00:05:25

Health: -1/33      AC:  5    Str: 14    XL:     3   Next: 21%
Magic:  4/11       EV: 12    Int: 10    God:
Gold:   95         SH:  0    Dex: 16    Spells: 2/2 levels left

rFire    . . .     SeeInvis .   a - +0 hand axe
rCold    . . .     Gourm    .   (no shield)
rNeg     . . .     Faith    .   k - +0 ring mail
rPois    .         Spirit   .   (no helmet)
rElec    .         Reflect  .   (no cloak)
rCorr    .         Harm     .   (no gloves)
MR       .....                  (no boots)
Stlth    ++........             (no amulet)
HPRegen  0.00/turn              m - ring of magical power {MP+9}
MPRegen  0.12/turn              (no ring)

@: non-regenerating
A: damage resistance, heal wounds, sense surroundings 1, no regeneration
a: Heal Wounds


You were on level 2 of the Dungeon.
You were not hungry.

You visited 1 branch of the dungeon, and saw 2 of its levels.

You collected 95 gold pieces.

Inventory:

Hand Weapons
 a - a +0 hand axe (weapon)
 b - a +0 hunting sling
   (You found it on level 1 of the Dungeon)
Missiles
 d - 42 stones (quivered)
Armour
 k - a +0 ring mail (worn)
   (You took it off a kobold on level 1 of the Dungeon)
 n - a +0 shield
   (You found it on level 2 of the Dungeon)
Jewellery
 m - a ring of magical power (left hand) {MP+9}
   (You found it on level 2 of the Dungeon)
Scrolls
 e - 3 scrolls of magic mapping {unknown}
 f - 2 scrolls of enchant armour {unknown}
 g - a scroll of identify {unknown}
 h - a scroll of random uselessness {unknown}
 i - a scroll of amnesia {unknown}
 j - a scroll of remove curse {unknown}
 l - a scroll of teleportation
 o - a scroll of fog {unknown}
Comestibles
 c - 4 rations


   Skills:
 - Level 2.6 Fighting
 + Level 4.8 Axes
 - Level 3.2 Dodging
 - Level 2.4 Stealth


You had 2 spell levels left.
You didn't know any spells.
Your spell library was empty.

Dungeon Overview and Level Annotations

Branches:
Dungeon (2/15)

Altars:

Annotations:
D:2 Terence


Innate Abilities, Weirdness & Mutations

You are resistant to damage.
You can heal yourself by infusing magical energy.
You passively map a small area around you.
You do not regenerate.


Message History

You now have 95 gold pieces (gained 9).
A worm comes into view.
You aren't carrying any items that you can evoke.
A dart slug comes into view.
A giant cockroach comes into view.
You hit the dart slug but do no damage. You completely miss the dart slug.
The dart slug barely misses you.
You hit the dart slug. The dart slug bites you.
You hit the dart slug but do no damage. The dart slug launches a dart at you.
The slug dart misses you.
You hit the dart slug but do no damage. You hit the dart slug.
The dart slug closely misses you. The giant cockroach barely misses you.
Your ring mail prevents you from hitting the dart slug.
You hit the giant cockroach. The giant cockroach barely misses you.
The dart slug barely misses you.
You hit the dart slug. You hit the giant cockroach.
You kill the giant cockroach!
The dart slug launches a dart at you. The slug dart hits you!
You take 2 damage, and have 17/33 hp.
You hit the dart slug. The dart slug launches a dart at you.
The slug dart hits you!
You take 5 damage, and have 12/33 hp.
You hit the dart slug.
You kill the dart slug!
You hit the worm.
A goblin comes into view.
Found a stone staircase leading up.
A bat comes into view.
The goblin wields a hunting sling.
The goblin shoots a stone.
The stone closely misses you.
Found a stone staircase leading down.
You see here a stone.
The goblin shoots a stone.
The stone hits you but does no damage.
You see here a stone.
The goblin shoots a stone.
The stone barely misses you.
You see here a golden ring.
m - a golden ring The goblin shoots a stone.
The stone barely misses you. The bat misses you.
The goblin unwields an uncursed hunting sling.
The goblin completely misses you. The bat hits you but does no damage.
You closely miss the goblin. You barely miss the bat.
The bat hits you but does no damage. The goblin barely misses you.
You hit the goblin but do no damage. The bat closely misses you.
The goblin hits you but does no damage.
You hit the goblin. You hit the bat. The bat hits you but does no damage.
The bat closely misses you. The goblin hits you but does no damage.
You slash the goblin!
You kill the goblin!
The bat closely misses you.
You hit the bat but do no damage. The bat barely misses you.
You hit the bat.
You kill the bat!
You hit the worm but do no damage.
A kobold comes into view. It is wielding a short sword.
The kobold shouts!
Wield which item (- for none, * to show all)? (? for menu, Esc to quit)
Okay, then.
There are no items here.
Drop what? 15/52 slots (_ for help) (? for menu, Esc to quit)
Okay, then.
Put on which piece of jewellery? (? for menu, Esc to quit)
You feel your magic capacity increase.
m - a ring of magical power (left hand)
The kobold hits you but does no damage.
An ogre comes into view. It is wielding a giant spiked club.
You barely miss the kobold.
The ogre shouts!
The kobold hits you but does no damage. The kobold barely misses you.
You hit the kobold. The kobold barely misses you.
You aren't carrying any potions.
You fail to use your ability.
The kobold barely misses you.
Your magical essence is drained by the effort!
You feel much better. The kobold barely misses you.
The worm closely misses you.
Health restored: 33 You hit the worm.
You barely miss the kobold. The kobold closely misses you.
You slash the worm! You barely miss the kobold. The worm bites you.
The kobold barely misses you.
You take 1 damage, and have 32/33 hp.
You hit the worm but do no damage. You hit the kobold but do no damage.
The kobold barely misses you.
You barely miss the worm. You hit the kobold.
You kill the kobold!
The worm bites you.
The ogre hits you with a giant spiked club!!
Ouch! That really hurt!
* * * LOW HITPOINT WARNING * * *
You take 24 damage, and have 8/33 hp.
MASSIVE DAMAGE!!
You hit the worm. You hit the ogre. The worm barely misses you.
You barely miss the worm. You hit the ogre but do no damage.
The ogre misses you.
A dart slug comes into view.
You hit the ogre. You hit the worm.
The ogre hits you with a giant spiked club!
You die...

* #w#.# #....###
*.#....# * ....... *
*.#.... * ....#* *
#.#O# * **#.#@##### ,
<.*#..w....# ##. **
#.##.......#
...#######.##.......#
#...... ....>......# *
#.....# #.##.......#
###.....###.##(...)..#
..............(......#
#...........(....####


You could see an ogre, a worm and a dart slug.

Vanquished Creatures
  A dart slug (D:2)
  4 bats
  2 giant cockroaches
  4 goblins
  4 hobgoblins (D:1)
  4 jackals (D:1)
  3 kobolds
  2 ball pythons (D:1)
  A frilled lizard (D:1)
  5 rats
30 creatures vanquished.

Notes
Turn   | Place    | Note
-------+----------+-------------------------------------------
     0 | D:1      | Irenicus the Deep Dwarf Monk began the quest for the Orb.
     0 | D:1      | Reached XP level 1. HP: 20/20 MP: 1/1
   217 | D:1      | Reached XP level 2. HP: 24/27 MP: 2/2
   221 | D:1      | Reached skill level 4 in Axes
   395 | D:1      | Irenicus: ?? ring mail
   395 | D:1      | beem: ring mail[1/1]: 5AC, 7ER.
   488 | D:2      | Reached XP level 3. HP: 13/33 MP: 3/3
   542 | D:2      | Noticed Terence
   630 | D:2      | Noticed an ogre
   638 | D:2      | HP: 8/33 [ogre/giant spiked club (20)]
   641 | D:2      | Slain by an ogre

Skill      XL: |  1  2 |
---------------+-------+-----
Axes           | 4 |  4.8
Fighting       | |  2.6
Dodging        | |  3.2
Stealth        | |  2.4

Action                   || total
-------------------------++-------
Melee: Hand axe          ||   108
 Abil: Heal Wounds       ||     1
  Use: Scroll            ||     1
       Potion            ||     1
 Stab: Sleeping          ||     1
Armor: Robe              ||    15
       Ring mail         ||    12
Dodge: Dodged            ||    90

Vault maps used:
D:1:      tarquinn_simple_flora_water_d, grunt_decor_cap, minmay_pentomino_w4
D:2:      hangedman_feature_mirror, uniq_terence

Table legend:
 A = Turns spent in this place as a percentage of turns spent in the entire game.
 B = Non-inter-level travel turns spent in this place as a percentage of non-inter-level travel turns spent in the entire game.
 C = Inter-level travel turns spent in this place as a percentage of turns spent in this place.
 D = Turns resting spent in this place as a percentage of non-inter-level travel turns spent in this place.
 E = Turns spent auto-exploring this place as a percentage of non-inter-level travel turns spent in this place.
 F = Non-inter-level travel turns spent in this place divided by the number of levels of this place that you've seen.
                   A       B       C       D       E      F
               +-------+-------+-------+-------+-------+----------------------
         Total | 100.0 | 100.0 |   0.0 |   0.0 |   0.0 | 320.5
       Dungeon | 100.0 | 100.0 |   0.0 |   0.0 |   0.0 | 320.5
               +-------+-------+-------+-------+-------+----------------------

Table legend:
 A = Kills in this place as a percentage of kills in entire the game.
 B = Kills by you in this place as a percentage of kills by you in the entire game.
 C = Kills by friends in this place as a percentage of kills by friends in the entire game.
 D = Other kills in this place as a percentage of other kills in the entire game.
 E = Experience gained in this place as a percentage of experience gained in the entire game.
 F = Experience gained in this place divided by the number of levels of this place that you have seen.
                   A       B       C       D       E      F
               +-------+-------+-------+-------+-------+----------------------
         Total | 100.0 | 100.0 |   N/A |   N/A | 100.0 |  26.5
       Dungeon | 100.0 | 100.0 |   N/A |   N/A | 100.0 |  26.5
               +-------+-------+-------+-------+-------+----------------------
